 Dungeon Crawl Stone Soup version 0.23-a0-629-gae4348f6cf (webtiles) character file.

1622 Napalmbreeze the Summoner (level 8, 0/57 HPs)
             Began as a Barachi Ice Elementalist on Dec 26, 2018.
             Was a Priest of Vehumet.
             Slain by an orc knight
             ... wielding a +0 war axe
              (3 damage)
             ... in a bailey.
             The game lasted 00:28:06 (8245 turns).

Napalmbreeze the Summoner (BaIE)                    Turns: 8245, Time: 00:28:07

Health: 0/57       AC:  7    Str: 10    XL:     8   Next: 96%
Magic:  1/17       EV: 15    Int: 17    God:    Vehumet [***...]
Gold:   344        SH:  0    Dex: 13    Spells: 8/19 levels left

rFire    . . .     SeeInvis .   A - +3 flail
rCold    . . .     Gourm    .   (no shield)
rNeg     . . .     Faith    .   a - +0 robe
rPois    +         Spirit   .   k - +1 hat {MR+}
rElec    .         Reflect  .   w - +2 cloak {rPois}
rCorr    .         Harm     .   (no gloves)
MR       +....                  m - +0 pair of boots
Stlth    ++........             (no amulet)
HPRegen  0.19/turn              x - ring of wizardry
MPRegen  0.15/turn              q - +2 ring of evasion

@: slow
A: +LOS, swims, slowness 1, strong legs 1
a: Hop, Renounce Religion


You were in a bailey.
You worshipped Vehumet.
Vehumet was most pleased with you.
You were very hungry.

You visited 2 branches of the dungeon, and saw 8 of its levels.
You also visited: Bailey.

You collected 344 gold pieces.

Inventory:

Hand Weapons
 A - a +3 flail (weapon)
Missiles
 s - 7 silver tomahawks (quivered)
Armour
 a - a +0 robe (worn)
 k - a +1 hat of magic resistance (worn)
 m - a +0 pair of boots (worn)
 w - a +2 cloak of poison resistance (worn)
Magical Staves
 u - an uncursed staff of fire
Jewellery
 o - a +4 ring of strength
 q - a +2 ring of evasion (right hand)
 x - a ring of wizardry (left hand)
 B - the ring "Korchineg" {rElec rC- Str+3 Dex+4 Stlth+}
   (You found it on level 5 of the Dungeon)

   [ring of stealth]

   It affects your strength (+3).
   It affects your dexterity (+4).
   It makes you vulnerable to cold.
   It insulates you from electricity.
   It makes you more stealthy.
Wands
 z - a wand of polymorph (4)
 F - a wand of random effects (24)
Scrolls
 d - 8 scrolls of identify
 e - 2 scrolls of magic mapping {unknown}
 i - 2 scrolls of enchant armour {unknown}
 j - 2 scrolls of enchant weapon {unknown}
 p - a scroll of teleportation {unknown}
 t - 2 scrolls of remove curse {unknown}
 v - 2 scrolls of noise {unknown}
 D - 2 scrolls of fog {unknown}
 G - a scroll of vulnerability {unknown}
Potions
 b - a potion of berserk rage
 h - 2 potions of curing {unknown}
 l - 2 potions of brilliance {unknown}
 n - a potion of lignification {unknown}
 r - 2 potions of magic {unknown}
 C - a potion of experience {unknown}
 E - 2 potions of degeneration {unknown}
 I - a potion of resistance
Comestibles
 c - 9 rations


   Skills:
 + Level 2.5 Fighting
 + Level 3.4 Dodging
 - Level 1.7 Stealth
 + Level 6.4 Spellcasting
 - Level 1.1 Conjurations
 - Level 8.0 Summonings
 - Level 7.0 Ice Magic


You had 8 spell levels left.
You knew the following spells:

 Your Spells              Type           Power        Failure   Level  Hunger
a - Freeze                Ice            ####         1%          1    None
d - Throw Icicle          Conj/Ice       ###.....     2%          4    ####...
q - Summon Ice Beast      Ice/Summ       ####....     2%          4    ####...
s - Throw Frost           Conj/Ice       ###...       1%          2    None

Your spell library contained the following spells:

 Spells                   Type           Power        Failure   Level  Hunger
 Dazzling Spray           Conj/Hex       #.....       3%          3    ##.....
 Ozocubu's Armour         Chrm/Ice       ###.....     3%          3    ##.....
 Beastly Appendage        Tmut           #.....       4%          1    None
 Confusing Touch          Hex            #.....       4%          1    None
 Sticks to Snakes         Tmut           #.......     8%          2    None
 Ice Form                 Ice/Tmut       ###.....     12%         4    ####...
 Confuse                  Hex            #.......     16%         3    ##.....
 Gell's Gravitas          Tloc           #.........   16%         3    ##.....
 Spider Form              Tmut/Pois      #.........   16%         3    ##.....
 Metabolic Englaciation   Hex/Ice        ###.......   32%         5    #####..
 Yara's Violent Unravell  Hex/Tmut       #.........   32%         5    #####..
 Petrify                  Tmut/Erth      #.......     43%         4    ####...
 Blade Hands              Tmut           #.........   77%         5    #####..


Dungeon Overview and Level Annotations

Branches:
Dungeon (7/15)             Temple (1/1) D:4

Altars:
Ashenzari
Cheibriados
Dithmenos
Elyvilon
Fedhas
Gozag
Hepliaklqana
Kikubaaqudgha
Makhleb
Nemelex Xobeh
Okawaru
Qazlal
Ru
Trog
Uskayaw
Vehumet
Wu Jian
Xom
Zin
The Shining One


Innate Abilities, Weirdness & Mutations

Shadows flee at your approach. (+LOS)
You can swim through water.
You cover ground slowly.
You can hop short distances.


Message History

Confirm with . or Enter, or press ? or * to list all spells.
A chill wind blows around you.
Your ice beast barely misses the orc knight.
Things that are here:
a +0 hand axe; a +0 leather armour Evoke which item? (* to show all) (? for menu, Esc to quit)
Aiming: Random Effects
Press: ? - help, Shift-Dir - straight line, f/p - orc knight
Aim: an orc knight, wielding a +0 war axe and wearing a +0 plate armour The orc knight easily resists.
The orc knight hits you with a +0 war axe!!
* * * LOW HITPOINT WARNING * * *
The orc knight hits your ice beast with a +0 war axe.
Your ice beast hits the orc knight but does no damage.
Your ice beast hits the orc knight.
Your ice beast freezes the orc knight!
Things that are here:
a +0 hand axe; a +0 leather armour Your ice beast hits the orc knight but does no damage.
The orc knight hits you with a +0 war axe.
You die...

#.....⌠....)
#...........
#........... ♣♣♣
###.........# ♣♣♣♣♣.♣♣
###.#)#.....###
♣......♣♣###.....###.###
♣.......##.))))....###
♣.......#....)......#
♣♣.......'@oY........#
♣...∩.∩..'.)).)⌠.....#
♣♣.......)...).......#
♣........#...........#
♣♣.......##.........###
♣♣....♣.♣###..)).###.###
♣....♣♣♣ ###.#)#.....###
♣♣♣♣♣♣ ###..)......#
#...........


You could see an orc knight and a friendly ice beast.

Vanquished Creatures
  Edmund (D:6)
  An orc warrior (Bailey)
  2 phantoms
  A scorpion (D:4)
  A water moccasin skeleton (D:6)
  A wight (D:6)
  A crimson imp (D:4)
  An iguana (D:5)
  A centaur skeleton (D:4)
  Terence (D:2)
  Natasha (twice) (D:3)
  A worker ant (D:3)
  A worker ant zombie (D:6)
  Robin (D:3)
  6 adders
  A shadow imp (D:7)
  A dart slug (D:1)
  5 leopard geckos
  6 orcs
  A ball python (D:2)
  4 giant cockroaches
  19 goblins
  18 hobgoblins
  6 jackals
  4 quokkas
  10 bats
  2 frilled lizards
  A jackal zombie (D:3)
  10 kobolds
  7 rats
117 creatures vanquished.

Vanquished Creatures (collateral kills)
  Sigmund (D:2)
  4 orc warriors
  A sky beast (D:6)
  2 ogres
  Blork the orc (D:4)
  A scorpion (D:4)
  3 wights (D:6)
  A bullfrog zombie (D:5)
  A bullfrog skeleton (D:5)
  An orc priest (D:6)
  Crazy Yiuf (D:2)
  An iguana (D:4)
  Natasha (D:3)
  4 orc wizards
  6 gnolls
  An adder (D:5)
  A shadow imp (D:5)
  An ooze (D:4)
  A leopard gecko (D:5)
  21 orcs
  11 goblins (Bailey)
  10 hobgoblins (Bailey)
  A jackal (D:5)
  2 ball pythons
  A quokka skeleton (D:5)
79 creatures vanquished.

Grand Total: 196 creatures vanquished

Notes
Turn   | Place    | Note
-------+----------+-------------------------------------------
     0 | D:1      | Napalmbreeze the Barachi Ice Elementalist began the quest
                  | for the Orb.
     0 | D:1      | Reached XP level 1. HP: 13/13 MP: 3/3
   753 | D:1      | Reached XP level 2. HP: 19/19 MP: 1/5
   806 | D:1      | Learned a level 2 spell: Throw Frost
  1351 | D:2      | Noticed Terence
  1429 | D:2      | Reached XP level 3. HP: 20/24 MP: 2/7
  1763 | D:2      | Found a runed door.
  1840 | D:2      | Reached skill level 5 in Ice Magic
  1927 | D:2      | Reached XP level 4. HP: 25/30 MP: 6/8
  1997 | D:2      | Learned a level 4 spell: Summon Ice Beast
  2044 | D:2      | Noticed Sigmund
  2081 | D:2      | You fall through a shaft!
  2381 | D:3      | Noticed Natasha
  2383 | D:3      | Found a shattered altar of Ashenzari.
  2392 | D:3      | Killed Natasha
  2498 | D:3      | Found a hide-covered altar of Uskayaw.
  2585 | D:3      | Noticed Natasha
  2602 | D:3      | Killed Natasha
  2602 | D:3      | Reached skill level 1 in Summonings
  2602 | D:3      | Reached XP level 5. HP: 26/35 MP: 2/9
  2706 | D:3      | Noticed Natasha
  2715 | D:3      | Killed Natasha
  2798 | D:3      | Found a shimmering altar of Xom.
  2859 | D:3      | Noticed Robin
  2875 | D:3      | Killed Robin
  3212 | D:3      | Reached skill level 2 in Summonings
  3559 | D:3      | Found a hazy altar of Hepliaklqana.
  3780 | D:2      | Killed Sigmund
  3780 | D:2      | Reached XP level 6. HP: 31/41 MP: 7/11
  4007 | D:2      | Killed Terence
  4243 | D:2      | Noticed Crazy Yiuf
  4251 | D:2      | Killed Crazy Yiuf
  4467 | D:4      | Reached skill level 3 in Summonings
  4584 | D:4      | Reached XP level 7. HP: 46/46 MP: 4/13
  4692 | D:4      | Found a staircase to the Ecumenical Temple.
  4710 | Temple   | Entered the Ecumenical Temple
  4932 | D:4      | Reached skill level 4 in Summonings
  5002 | D:4      | Noticed Blork the orc
  5011 | D:4      | Killed Blork the orc
  5154 | D:4      | Reached skill level 5 in Spellcasting
  5238 | D:5      | Entered Level 5 of the Dungeon
  5290 | D:5      | Found a radiant altar of Vehumet.
  5311 | D:5      | Became a worshipper of Vehumet
  5540 | D:5      | Got a coiled wooden ring
  5544 | D:5      | Identified the ring "Korchineg" {rElec rC- Str+3 Dex+4
                  | Stlth+} (You found it on level 5 of the Dungeon)
  5552 | D:5      | Learned a level 4 spell: Throw Icicle
  5721 | D:5      | Reached skill level 5 in Summonings
  5988 | D:5      | Reached XP level 8. HP: 38/52 MP: 3/16
  6395 | D:6      | Noticed Edmund
  6409 | D:6      | Killed Edmund
  6632 | D:6      | Reached skill level 6 in Summonings
  6887 | D:6      | Reached * piety under Vehumet
  6887 | D:6      | Offered knowledge of Magic Dart by Vehumet.
  6962 | D:6      | Reached skill level 7 in Summonings
  7500 | D:7      | Reached skill level 8 in Summonings
  7506 | D:7      | Reached skill level 1 in Fighting
  7658 | D:7      | Found a sacrificial altar of Ru.
  7679 | D:7      | Found a flagged portal.
  7695 | Bailey   | Entered a bailey
  7755 | Bailey   | Reached ** piety under Vehumet
  7803 | Bailey   | Offered knowledge of Shock by Vehumet.
  8027 | Bailey   | Offered knowledge of Dazzling Spray by Vehumet.
  8147 | Bailey   | Noticed an orc knight
  8191 | Bailey   | Reached *** piety under Vehumet
  8240 | Bailey   | HP: 2/57 [orc knight/+0 war axe (21)]
  8245 | Bailey   | Slain by an orc knight

Vault maps used:
D:1:      saegor_arrival_simple_b, minmay_ruptured
D:2:      first_ration, minmay_misc_feat_hallway, uniq_sigmund,
          uniq_crazy_yiuf_cottage, uniq_terence
D:3:      overflow_temple_1_default, brannock_xom_greatest_gift, minitemple,
          minmay_between, uniq_natasha, uniq_robin
D:4:      minmay_temple_entry_steel_oval, uniq_blork_the_orc
D:5:      vehumet_crystals
D:6:      st_stairs_13, glass_columns_a, uniq_edmund
D:7:      old_standard_altar, lemuel_coloured_pillars_altar, enter_bailey_2,
          grunt_livestock, uniq_harold, uniq_duvessa
Temple:   dpeg_chambers_temple
Bailey:   bailey_axe_minmay_hex_keep, bailey

Skill      XL: |  1  2  3  4  5  6  7  8 |
---------------+-------------------------+-----
Ice Magic      | 4 5 6 7 |  7.0
Spellcasting   | 3 4 5 6 |  6.4
Summonings     | 1 2 3 5 8 |  8.0
Fighting       | 2 |  2.5
Dodging        | 3 |  3.4
Stealth        | |  1.7
Conjurations   | |  1.1

Action                   |  1- 3 |  4- 6 |  7- 9 || total
-------------------------+-------+-------+-------++-------
Melee: Unarmed           |     9 |       |       ||     9
       Club              |    78 |    21 |     3 ||   102
       Great mace        |       |       |    65 ||    65
       Flail             |       |       |    51 ||    51
Throw: Stone             |     4 |       |       ||     4
       Tomahawk          |       |     3 |       ||     3
 Cast: Freeze            |    43 |    71 |    26 ||   140
       Summon Ice Beast  |       |     9 |    56 ||    65
       Throw Frost       |       |     6 |     5 ||    11
       Throw Icicle      |       |       |     8 ||     8
 Abil: Hop               |       |     1 |     1 ||     2
Evoke: Wand              |       |       |     8 ||     8
  Use: Scroll            |       |     1 |     2 ||     3
 Stab: Sleeping          |     2 |     1 |       ||     3
       Distracted        |       |       |     1 ||     1
  Eat: Chunk             |     4 |     6 |    17 ||    27
       Ration            |       |     1 |     2 ||     3
Armor: Robe              |    56 |    20 |    46 ||   122
Dodge: Dodged            |    91 |    68 |   145 ||   304

Table legend:
 A = Non-vault XP
 B = Vault XP
 C = Vault XP percentage of total XP
 D = Non-vault monster count
 E = Vault monster count
 F = Vault count percentage of total count
                 A         B        C        D         E       F
            +---------+---------+-------+---------+---------+-------
      Total |    1512 |     806 |  34.8 |     122 |      74 |  37.8
            +---------+---------+-------+---------+---------+-------
        D:1 |      19 |       9 |  32.1 |      12 |       5 |  29.4
        D:2 |      63 |     170 |  73.0 |      23 |       4 |  14.8
        D:3 |     141 |      68 |  32.5 |      24 |      15 |  38.5
        D:4 |     404 |      77 |  16.0 |      12 |       1 |   7.7
        D:5 |     307 |       0 |   0.0 |      29 |       0 |   0.0
        D:6 |     388 |     132 |  25.4 |      13 |       2 |  13.3
        D:7 |     190 |       0 |   0.0 |       9 |       0 |   0.0
     Bailey |       0 |     350 | 100.0 |       0 |      47 | 100.0
            +---------+---------+-------+---------+---------+-------
